 Dungeon Crawl Stone Soup version 0.27-a0-797-g27d10ad80f (webtiles) character file.

Game seed: 13124845714057468893

165 polve the Skirmisher (level 5, -8/42 HPs)
             Began as a Demonspawn Abyssal Knight on Mar 27, 2021.
             Was a Believer of Lugonu.
             Mangled by an ogre
             ... wielding a +0 giant club
              (12 damage)
             ... on level 3 of the Dungeon.
             The game lasted 00:02:34 (2522 turns).

polve the Skirmisher (Demonspawn Abyssal Knight)    Turns: 2522, Time: 00:02:35

Health: -8/42      AC: 10    Str: 12    XL:     5   Next: 21%
Magic:  6/6        EV: 11    Int: 14    God:    Lugonu [**....]
Gold:   199        SH:  0    Dex: 13    Spells: 4/4 levels left

rFire    . . .     SeeInvis .   o - +2 dagger (elec)
rCold    . . .     Faith    .   (no shield)
rNeg     . . .     Spirit   .   g - +3 ring mail
rPois    .         Reflect  .   n - +0 helmet
rElec    .         Harm     .   (no cloak)
rCorr    .         Rampage  .   (no gloves)
Will     .....                  (no boots)
Stlth    +.........             (no amulet)
HPRegen  0.14/turn              (no ring)
MPRegen  0.10/turn              (no ring)

@: no status effects
A: talons 1, spiny 1, sharp scales 1
a: Renounce Religion, Depart the Abyss, Bend Space


You were on level 3 of the Dungeon.
You worshipped Lugonu.
Lugonu was pleased with you.
You visited 1 branch of the dungeon, and saw 4 of its levels.
You visited the Abyss 1 time.

You collected 199 gold pieces.

Inventory:

Hand Weapons
 a - a +1 falchion
 o - a +2 dagger of electrocution (weapon)
Armour
 g - a +3 ring mail (worn)
 h - a +0 leather armour of fire resistance
 n - a +0 helmet (worn)
Scrolls
 b - a scroll of immolation {unknown}
 c - a scroll of vulnerability {unknown}
 d - 2 scrolls of blinking {unknown}
 e - a scroll of noise {unknown}
 m - a scroll of brand weapon {unknown}
Potions
 f - a potion of brilliance {unknown}
 i - a potion of might {unknown}
 j - a potion of cancellation {unknown}
 k - a potion of curing {unknown}
 l - a potion of flight {unknown}
 p - a potion of ambrosia {unknown}


   Skills:
 + Level 4.0 Fighting
 - Level 2.5 Long Blades
 + Level 2.9 Armour
 + Level 2.5 Dodging
 - Level 2.4 Invocations


You had 4 spell levels left.
You didn't know any spells.
Your spell library contained the following spells:

 Spells                   Type           Power      Damage    Failure   Level
 Animate Skeleton         Necr           0%         N/A       54%         1
 Apportation              Tloc           0%         N/A       54%         1
 Corona                   Hex            0%         N/A       54%         1
 Summon Small Mammal      Summ           0%         N/A       54%         1
 Confusing Touch          Hex            0%         N/A       88%         3
 Gell's Gravitas          Tloc           0%         N/A       88%         3
 Petrify                  Tmut/Erth      0%         N/A       99%         4
 Metabolic Englaciation   Hex/Ice        0%         N/A       100%        5
 Yara's Violent Unravell  Hex/Tmut       0%         3d3       100%        5


Dungeon Overview and Level Annotations

Branches:
Dungeon (4/15)
 Temple: D:4-7

Altars:

Shops:
D:1 [


Innate Abilities, Weirdness & Mutations

You have sharp toenails.
You are partially covered in sharp spines.
You are partially covered in razor-sharp scales. (AC +1, Slay +1)


Message History

The ball python is struck by your spines.
You kill the ball python!
Lugonu accepts your kill.
No target in view!
No target in view!
No target in view!
No target in view!
No target in view!
HP restored.
Found an escape hatch in the floor.
p - a puce potion An ogre comes into view.
It is wielding a +0 giant club.
Found 8 gold pieces.
You hit the ogre. You claw the ogre.
The ogre is moderately wounded.
The ogre hits you with a +0 giant club!!
Ouch! That really hurt!
You are too injured to fight recklessly!
You are too injured to fight recklessly!
You are too injured to fight recklessly!
You are too injured to fight recklessly!
You are too injured to fight recklessly!
You hear the slow rusting of a very distant drain.
There is a stone staircase leading up here.
The ogre is struck by your spines. The ogre misses you.
You climb upwards.
There is a stone staircase leading down here.
You hit the ogre. You claw the ogre.
The ogre is heavily wounded.
The ogre is struck by your spines. The ogre misses you.
You hit the ogre.
The ogre is almost dead.
The ogre hits you with a +0 giant club!!
Ouch! That really hurt!
* * * LOW HITPOINT WARNING * * *
Okay, then.
You barely miss the ogre. Your kick misses the ogre.
The ogre is almost dead.
The ogre hits you with a +0 giant club!
You die...

#.########.###.#
####### #..........#
#.# #.....#
##############.#
#.###.# #.....#......#
#.# #.# #.###.#.######
#.# #.#### #.###.#.#
#.# #....# #.....#.#
#.######.#####..O..#.#
................@.>#.#
#.#############....#.#
#.# #.......# ..#
#.....### ###########
#.....# ..........#
#.....# #########.##
#.....#
####..###.....#
######.........###.#


You could see an ogre.

Vanquished Creatures
  An orc priest (D:3)
  An orc wizard (D:3)
  Robin (D:2)
  An adder (D:2)
  3 worms
  A dart slug (D:1)
  2 orcs
  6 bats
  5 endoplasms
  2 giant cockroaches (D:2)
  12 goblins
  6 hobgoblins
  8 jackals
  2 quokkas (D:1)
  9 ball pythons
  2 frilled lizards
  5 kobolds
  5 rats
72 creatures vanquished.

Vanquished Creatures (others)
  4 toadstools (D:1)
4 creatures vanquished.

Grand Total: 76 creatures vanquished

Notes
Turn   | Place    | Note
-------+----------+-------------------------------------------
     0 | Abyss:1  | polve the Demonspawn Abyssal Knight began the quest for the
                  | Orb.
     0 | Abyss:1  | Reached XP level 1. HP: 18/18 MP: 2/2
    66 | Abyss:1  | Noticed a ynoxinul
    70 | D:1      | Escaped the Abyss
   227 | D:1      | Reached * piety under Lugonu
   239 | D:1      | Gained mutation: You are partially covered in sharp spines.
                  | [demonic ancestry]
   239 | D:1      | Reached XP level 2. HP: 11/24 MP: 3/3
   461 | D:1      | Reached skill level 1 in Dodging
   617 | D:1      | Found Qyamuara's Antique Armour Boutique.
   976 | D:2      | Gained mutation: You have sharp toenails. [demonic
                  | ancestry]
   976 | D:2      | Reached XP level 3. HP: 29/29 MP: 4/4
  1447 | D:3      | Noticed Robin
  1451 | D:3      | Reached ** piety under Lugonu
  1465 | D:2      | Gained mutation: You are partially covered in razor-sharp
                  | scales. (AC +1, Slay +1) [demonic ancestry]
  1465 | D:2      | Reached XP level 4. HP: 24/35 MP: 5/5
  1470 | D:2      | Killed Robin
  2079 | D:3      | Reached XP level 5. HP: 40/42 MP: 6/6
  2148 | D:3      | Reached skill level 4 in Fighting
  2491 | D:4      | Noticed an ogre
  2522 | D:3      | Mangled by an ogre

Illustrated notes

Levels and vault maps discovered:
D:1:      ldierk_water_garden, layout_basic, serial_shops,
          nicolae_shop_statue_plus, st_stairs_8, minmay_misc_feat_enclosed
D:2:      layout_rooms
D:3:      layout_basic, uniq_robin
D:4:      layout_loops_ring, portal_sewer_entry_f

Skill      XL: |  1  2  3  4  5 |
---------------+----------------+-----
Long Blades    | 2 |  2.5
Dodging        | 1 2 |  2.5
Armour         | 2 |  2.9
Fighting       | 4 |  4.0
Invocations    | |  2.4

Action                   |  1- 3 |  4- 6 || total
-------------------------+-------+-------++-------
Melee: Falchion          |    74 |     7 ||    81
       Kick              |     6 |     5 ||    11
       Dagger            |       |    41 ||    41
Invok: Depart the Abyss  |     1 |       ||     1
Armor: Leather armour    |     9 |       ||     9
       Ring mail         |    15 |    20 ||    35
Dodge: Dodged            |    46 |    18 ||    64
       Rpst.: Falchion   |    15 |       ||    15

Table legend: (Time is in decaauts)
 A = Elapsed time spent in this place.
 B = Non-inter-level travel time spent in this place.
 C = Inter-level travel time spent in this place.
 D = Time resting spent in this place.
 E = Time spent auto-exploring this place.
 F = Levels seen in this place.
 G = Mean time per level.
                   A        B        C        D        E       F      G
               +--------+--------+--------+--------+--------+-----+--------+
         Total |   2539 |   2481 |     58 |      0 |   2064 |   5 |  507.8 |
       Dungeon |   2469 |   2411 |     58 |      0 |   1998 |   4 |  617.2 |
         Abyss |     70 |     70 |      0 |      0 |     66 |   1 |   70.0 |
               +--------+--------+--------+--------+--------+-----+--------+

Top non-repeatable levels by time:
     D:1: 911 daAuts
     D:2: 809 daAuts
     D:3: 692 daAuts
 Abyss:1: 70 daAuts
     D:4: 56 daAuts
